 Dungeon Crawl Stone Soup version 0.17.0-56-gd8de76c (webtiles) character file.

65 gorblad the Skirmisher (level 3, -1/29 HPs)
             Began as a Demonspawn Berserker on Dec 6, 2015.
             Was a Believer of Trog.
             Slain by a phantom (8 damage)
             ... on level 3 of the Dungeon.
             The game lasted 00:03:43 (1459 turns).

gorblad the Skirmisher (Demonspawn Berserker)       Turns: 1459, Time: 00:03:43

Health: -1/29      AC:  3    Str: 23    XL:     3   Next: 94%
Magic:  3/3        EV: 12    Int:  8    God:    Trog [**....]
Gold:   66         SH:  0    Dex: 12    Spells: 0 memorised, 2 levels left

rFire  + . .     SeeInvis .     q - +0 war axe
rCold  . . .     Clarity  .     b - +0 animal skin
rNeg   . . .     SustAt   +     (no shield)
rPois  .         Gourm    .     (no helmet)
rElec  .         Spirit   .     (no cloak)
rCorr  .         Warding  .     (no gloves)
rMut   .         Stasis   .     n - +0 pair of boots
MR     ++...                    (no amulet)
Stlth  +++.......               f - ring of sustain attributes
                                e - +5 ring of strength

@: regenerating, very resistant to hostile enchantments, fairly stealthy
A: fire resistance 1, nightstalker 1
a: Berserk, Trog's Hand, Burn Spellbooks, Renounce Religion


You were on level 3 of the Dungeon.
You worshipped Trog.
Trog was pleased with you.
You were not hungry.

You visited 1 branch of the dungeon, and saw 3 of its levels.

You collected 66 gold pieces.

Inventory:

Hand Weapons
 a - a +0 hand axe
 q - a +0 war axe (weapon)
Armour
 b - a +0 animal skin (worn)
 n - a +0 pair of boots (worn)
Jewellery
 e - a +5 ring of strength (left hand)
 f - a ring of sustain attributes (right hand)
 g - a cursed ring of loudness {unknown}
Scrolls
 m - a scroll of enchant armour {unknown}
 o - a scroll of recharging {unknown}
 p - a scroll of identify
Potions
 h - a potion of degeneration {unknown}
 j - 2 potions of heal wounds {unknown}
 l - 2 potions of haste {unknown}
Comestibles
 c - a bread ration
 d - 2 chunks of flesh
 i - a slice of pizza
 k - a meat ration


   Skills:
 + Level 3.6 Fighting
 + Level 3.1 Axes
 + Level 1.9 Armour
 + Level 2.5 Dodging
 + Level 1.2 Stealth


You had 2 spell levels left.
You didn't know any spells.

Dungeon Overview and Level Annotations

Branches:
Dungeon (3/15)

Altars:
Qazlal
Xom


Innate Abilities, Weirdness & Mutations

Your flesh is heat resistant.
You are slightly more attuned to the shadows.


Message History

You are too injured to fight recklessly!
You are too injured to fight recklessly!
Drink which item? (? for menu, Esc to quit)
Okay, then.
Your skin crawls.
You feel resistant to hostile enchantments.
You feel slightly more hungry.
You closely miss the phantom.
The phantom is moderately damaged.
The phantom hits you.
* * * LOW HITPOINT WARNING * * *
You are too injured to fight recklessly!
You are too injured to fight recklessly!
You are too injured to fight recklessly!
You are too injured to fight recklessly!
You are too injured to fight recklessly!
You hit the phantom.
The phantom is heavily damaged.
The phantom hits you!
You die...

#...........
####.###.###..........#
....>..................
##...#...###...........
.#...............<..†.#
#.....$.....#.........##
....>.......##..........
#.....)W....##......#...
##....)@....##..##......
......=.................
.#.###.#####....##.#####
.. #.# ..........#
.....#..#...###
####....##....# ##.##
##.#.# .. .#..


You could see a phantom.

Vanquished Creatures
  2 adders (D:2)
  An ooze (D:1)
  2 worms (D:2)
  A giant gecko (D:2)
  An orc (D:3)
  7 bats
  A giant cockroach (D:3)
  7 goblins
  5 hobgoblins
  3 kobolds
  A ball python (D:3)
  3 giant newts
  4 rats
38 creatures vanquished.

Notes
Turn   | Place    | Note
--------------------------------------------------------------
     0 | D:1      | gorblad the Demonspawn Berserker began the quest for the Orb.
     0 | D:1      | Reached XP level 1. HP: 18/18 MP: 1/1
   182 | D:1      | Gained mutation: You are slightly more attuned to the shadows. [demonic ancestry]
   182 | D:1      | Reached XP level 2. HP: 21/24 MP: 2/2
   674 | D:2      | Found a stormy altar of Qazlal.
   811 | D:2      | Gained mutation: Your flesh is heat resistant. [demonic ancestry]
   811 | D:2      | Reached XP level 3. HP: 10/29 MP: 3/3
  1111 | D:2      | Reached skill level 1 in Stealth
  1113 | D:2      | Reached ** piety under Trog
  1331 | D:2      | Found a shimmering altar of Xom.
  1438 | D:3      | Noticed a phantom
  1459 | D:3      | Slain by a phantom

Action                   || total
-------------------------++-------
Melee: Hand axe          ||    84
       War axe           ||    19
Invok: Berserk           ||     1
       Trog's Hand       ||     1
  Use: Scroll            ||     3
 Stab: Sleeping          ||     9
  Eat: Fruit             ||     3
